 Dungeon Crawl Stone Soup version 0.31-a0-232-gb1c03b2570 (webtiles) character file.

Game seed: 1005902677088886227

2962 qw the Skirmisher (level 9, -1/79 HPs)
             Began as a Minotaur Hexslinger on July 6, 2023.
             Was an Initiate of Okawaru.
             Slain by a gnoll sergeant
             ... wielding a +0 trident
              (11 damage)
             ... on level 6 of the Dungeon.
             The game lasted 00:02:39 (6401 turns).

qw the Skirmisher (Minotaur Hexslinger)             Turns: 6401, Time: 00:02:39

Health: -1/79      AC:  4    Str: 19    XL:     9   Next: 52%
Magic:  9/9        EV: 19    Int: 10    God:    Okawaru [......]
Gold:   159        SH:  0    Dex: 17    Spells: 9/10 levels left

rFire   + . .        Y - +1 sling
rCold   . . .        (no shield)
rNeg    . . .        h - +0 leather armour {rF+}
rPois   +            (helmet restricted)
rElec   .            (no cloak)
rCorr   .            (no gloves)
SInv    .            i - +0 pair of boots
Will    .....        (no amulet)
Stlth   +            c - +5 ring of evasion
HPRegen 0.33/turn    a - ring of Kikubaaqudgha's Esteem {rPois Str+6}
MPRegen 0.11/turn

%: no passive effects
@: about to teleport
A: horns 2, retaliatory headbutt
a: Renounce Religion


You were on level 6 of the Dungeon.
You worshipped Okawaru.
Okawaru was noncommittal.
You visited 2 branches of the dungeon, and saw 9 of its levels.

You collected 250 gold pieces.
You spent 91 gold pieces at shops.


Innate Abilities, Weirdness & Mutations

You have a pair of horns on your head.
You reflexively headbutt those who attack you in melee.


   Skills:
 - Level 7.1 Fighting
 + Level 11.8 Ranged Weapons
 - Level 3.2 Armour
 - Level 5.0 Dodging
 - Level 1.0 Spellcasting
 - Level 2.0 Hexes


You had 9 spell levels left.
You knew the following spells:

 Your Spells              Type           Power      Damage    Failure   Level
a - Slow                  Hex            16%        N/A       19%         1

Your spell library contained the following spells:

 Spells                   Type           Power      Damage    Failure   Level
 Inner Flame              Hex/Fire       2%         N/A       63%         3
 Portal Projectile        Hex/Tloc       4%         N/A       63%         3
 Cause Fear               Hex            2%         N/A       87%         4

Inventory:

Hand Weapons
 Y - a +1 sling (weapon)
Armour
 d - +0 steam dragon scales
 h - a +0 leather armour of fire resistance (worn)
 i - a +0 pair of boots (worn)
 j - the +1 ring mail "Zejenk" {Drain Dex+5}
   (You found it on level 6 of the Dungeon)

   Dex:       It affects your dexterity (+5).
   Drain:     It drains your maximum health when unequipped.
Jewellery
 a - the ring of Kikubaaqudgha's Esteem (right hand) {rPois Str+6}
   (You found it on level 4 of the Dungeon)

   [ring of strength]

   Str:       It affects your strength (+6).
   rPois:     It protects you from poison.
 b - a ring of fire
 c - a +5 ring of evasion (left hand)
Scrolls
 e - a scroll of identify
 m - a scroll of vulnerability {unknown}
 n - a scroll of enchant weapon {unknown}
 o - a scroll of fear {unknown}
Potions
 f - a potion of cancellation
 g - a potion of resistance
 k - a potion of mutation
 p - a potion of might {unknown}

Dungeon Overview and Level Annotations

Branches:
Dungeon (8/15)             Temple (1/1) D:5
   Lair: D:8-11

Altars:
Ashenzari
Cheibriados
Elyvilon
Fedhas
Hepliaklqana
Nemelex Xobeh
Okawaru
Qazlal
Ru
Sif Muna
Trog
Uskayaw
Vehumet
Wu Jian
Xom
Yredelemnul
Zin
The Shining One

Shops:
D:3 *


Message History

The gnoll sergeant is lightly wounded.
The gnoll sergeant closely misses you.
You shoot a sling bullet.
The sling bullet hits the gnoll sergeant but does no damage.
The gnoll sergeant is lightly wounded.
The gnoll sergeant hits you from afar with a +0 trident!
You shoot a sling bullet.
The sling bullet hits the gnoll sergeant.
The gnoll sergeant is moderately wounded.
The gnoll sergeant closely misses you.
You shoot a sling bullet.
The sling bullet hits the gnoll sergeant.
The gnoll sergeant is heavily wounded.
The gnoll sergeant hits you from afar with a +0 trident!
You shoot a sling bullet.
The sling bullet hits the gnoll sergeant but does no damage.
The gnoll sergeant is heavily wounded.
You shoot a sling bullet.
The sling bullet hits the gnoll sergeant!
The gnoll sergeant is severely wounded.
The gnoll sergeant completely misses you.
You shoot a sling bullet.
The sling bullet hits the gnoll sergeant but does no damage.
The gnoll sergeant is severely wounded.
The gnoll sergeant hits you but does no damage.
You shoot a sling bullet.
The sling bullet closely misses the gnoll sergeant.
The gnoll sergeant hits you from afar with a +0 trident!
You shoot a sling bullet.
The sling bullet hits the gnoll sergeant.
The gnoll sergeant is almost dead.
The gnoll sergeant hits you from afar with a +0 trident.
You shoot a sling bullet.
The sling bullet completely misses the gnoll sergeant.
The gnoll sergeant hits you from afar with a +0 trident!
6401 ||| READING scroll of teleportation.
As you read the scroll of teleportation, it crumbles to dust.
You feel strangely unstable.
The gnoll sergeant hits you from afar with a +0 trident!
You die...

.......##....##......#..##
.......##............#..#
...#......#.............
..##(.....##...........
.....................#..
.........#...........#..
#.#.######...<..........
#.#..###................
...............)@.......
.............#...%...#..
................g....#
..........######......#
.........## ##.......
........## .....#.
......#.# .......
....#.#.# ....... ######.


You could see a gnoll sergeant.

Vanquished Creatures
  Pikel (D:4)
  Grinder (D:5)
  Prince Ribbit (D:7)
  A steam dragon (D:7)
  Menkaure (D:5)
  3 water moccasins (D:7)
  2 ice beasts
  A black bear (D:5)
  2 ogres
  2 phantoms
  A bullfrog (D:7)
  6 killer bees (D:7)
  7 hounds
  A gnoll bouda (D:6)
  2 sleepcaps (D:4)
  3 iguanas
  An orc wizard (D:5)
  A mummy (D:5)
  8 adders
  5 gnolls
  A white imp (D:6)
  A worm (D:5)
  2 dart slugs (D:4)
  9 orcs
  8 ball pythons
  5 bats
  4 endoplasms
  3 giant cockroaches
  8 goblins
  5 hobgoblins
  A jackal (D:6)
  5 kobolds
  3 quokkas
  3 frilled lizards
  4 rats
  A spectral orc (D:5)
113 creatures vanquished.

Notes
Turn   | Place    | Note
-------+----------+-------------------------------------------
     0 | D:1      | qw the Minotaur Hexslinger began the quest for the Orb.
     0 | D:1      | Reached XP level 1. HP: 16/16 MP: 1/1
     0 | D:1      | 0 ||| qw: Version: 0.3-a-46-gb1f654a
     0 | D:1      | 0 ||| qw: Game counter: 2107
     0 | D:1      | 0 ||| qw: Melee chars always use a shield: true
     0 | D:1      | 0 ||| qw: God list: Okawaru
     0 | D:1      | 0 ||| qw: Allow faded altars: false
     0 | D:1      | 0 ||| qw: Do Orc after clearing Dungeon:15 true
     0 | D:1      | 0 ||| qw: Do second Lair branch before Depths: true
     0 | D:1      | 0 ||| qw: Lair rune preference: random
     0 | D:1      | 0 ||| qw: Goals: Normal
     0 | D:1      | 0 ||| PLANNING D:1-11
    44 | D:1      | HP: 4/16 [quokka (4)]
   116 | D:1      | Reached skill level 3 in Ranged Weapons
   192 | D:1      | Reached XP level 2. HP: 23/23 MP: 2/2
   236 | D:1      | Found a faded altar of an unknown god.
   730 | D:1      | 730 ||| DROPPING scroll of poison.
   770 | D:2      | Reached XP level 3. HP: 25/29 MP: 3/3
  1231 | D:2      | Reached skill level 4 in Ranged Weapons
  1547 | D:2      | 1547 ||| UPGRADING to +0 ring mail.
  1557 | D:2      | 1557 ||| DROPPING +0 robe.
  1558 | D:2      | 1558 ||| DROPPING ring of wizardry.
  1559 | D:2      | 1559 ||| READING scroll labelled VEDGHU KOEHETOE.
  1560 | D:2      | 1560 ||| READING 4 scrolls labelled SUMYAVVI GISE.
  1561 | D:2      | 1561 ||| DRINKING 2 fizzy green potions.
  1666 | D:2      | 1666 ||| DRINKING 2 bubbling puce potions.
  1667 | D:2      | 1667 ||| READING 3 scrolls of identify.
  1667 | D:2      | 1667 ||| IDENTIFYING white potion
  1668 | D:2      | 1668 ||| READING 2 scrolls of identify.
  1668 | D:2      | 1668 ||| IDENTIFYING pink potion
  1669 | D:2      | 1669 ||| DROPPING potion of invisibility.
  1670 | D:2      | 1670 ||| DROPPING potion of berserk rage.
  1671 | D:2      | 1671 ||| DROPPING potion of degeneration.
  1890 | D:3      | Reached skill level 1 in Armour
  1934 | D:3      | Found Arunukhle's General Store.
  1946 | D:3      | Reached XP level 4. HP: 36/36 MP: 4/4
  1948 | D:3      | 1948 ||| SHOPLISTING +3 ring mail of fire resistance (338
                  | gold, have 103).
  1948 | D:3      | 1948 ||| SHOPLISTING potion of haste (130 gold, have 103).
  1948 | D:3      | 1948 ||| BUYING potion of heal wounds (65 gold).
  1948 | D:3      | Bought a potion of heal wounds for 65 gold pieces
  1948 | D:3      | 1948 ||| SHOPLISTING potion of might (52 gold, have 38).
  1948 | D:3      | 1948 ||| BUYING scroll of identify (26 gold).
  1948 | D:3      | Bought a scroll of identify for 26 gold pieces
  2577 | D:3      | 2577 ||| UPGRADING to +5 ring of evasion.
  2578 | D:3      | 2578 ||| READING scroll labelled BIXKUA RIZY.
  2579 | D:3      | 2579 ||| READING scroll labelled HIURAO OQIFIT.
  2584 | D:3      | 2584 ||| READING scroll labelled QEONO SYFICADD.
  2585 | D:3      | 2585 ||| READING 5 scrolls of identify.
  2585 | D:3      | 2585 ||| IDENTIFYING ruby potion
  2614 | D:4      | Identified the ring of Kikubaaqudgha's Esteem {rPois Str+6}
  2661 | D:4      | Noticed a phantom
  2671 | D:4      | Killed a phantom
  2672 | D:4      | Reached skill level 5 in Ranged Weapons
  2672 | D:4      | Reached XP level 5. HP: 29/41 MP: 5/5
  2672 | D:4      | 2672 ||| FLEEEEING.
  2673 | D:4      | 2673 ||| FLEEEEING.
  2674 | D:4      | 2674 ||| FLEEEEING.
  2675 | D:4      | 2675 ||| FLEEEEING.
  2676 | D:4      | 2676 ||| FLEEEEING.
  2677 | D:4      | 2677 ||| FLEEEEING.
  2678 | D:4      | 2678 ||| FLEEEEING.
  2679 | D:4      | 2679 ||| FLEEEEING.
  2680 | D:4      | 2680 ||| FLEEEEING.
  2681 | D:4      | 2681 ||| FLEEEEING.
  2682 | D:4      | 2682 ||| FLEEEEING.
  2683 | D:4      | 2683 ||| FLEEEEING.
  2684 | D:4      | 2684 ||| FLEEEEING.
  2685 | D:4      | 2685 ||| FLEEEEING.
  2686 | D:4      | 2686 ||| FLEEEEING.
  2687 | D:4      | 2687 ||| FLEEEEING.
  2689 | D:4      | 2689 ||| FLEEEEING.
  2690 | D:4      | 2690 ||| FLEEEEING.
  2692 | D:4      | 2692 ||| FLEEEEING.
  2693 | D:4      | 2693 ||| STAIRDANCE
  2716 | D:3      | 2716 ||| UPGRADING to ring of Kikubaaqudgha's Esteem {rPois
                  | Str+6}.
  2910 | D:4      | Reached skill level 3 in Fighting
  3039 | D:4      | Noticed an ice beast
  3056 | D:4      | Killed an ice beast
  3057 | D:4      | Reached skill level 6 in Ranged Weapons
  3057 | D:4      | Reached XP level 6. HP: 42/51 MP: 6/6
  3169 | D:4      | Noticed Pikel
  3188 | D:4      | HP: 13/53 [Pikel/+1 whip of freezing (2)]
  3189 | D:4      | 3189 ||| DRINKING 2 potions of heal wounds.
  3197 | D:4      | Killed Pikel
  3198 | D:4      | Reached skill level 9 in Ranged Weapons
  3198 | D:4      | Reached XP level 7. HP: 25/60 MP: 7/7
  3205 | D:4      | HP: 12/60 [sleepcap (4)]
  3206 | D:4      | 3206 ||| DRINKING potion of heal wounds.
  3656 | D:4      | 3656 ||| UPGRADING to +0 leather armour of fire resistance.
  3666 | D:4      | 3666 ||| UPGRADING to +0 pair of boots.
  3671 | D:4      | 3671 ||| READING scroll labelled REAHAC FY YTO.
  3699 | D:5      | Entered Level 5 of the Dungeon
  3700 | D:5      | 3700 ||| PLANNING OSSUARY
  3803 | D:5      | Found a basalt altar of Yredelemnul.
  3832 | D:5      | Noticed Menkaure
  3841 | D:5      | Killed Menkaure
  3842 | D:5      | Reached skill level 3 in Dodging
  3842 | D:5      | Reached XP level 8. HP: 34/68 MP: 8/8
  3847 | D:5      | 3847 ||| FLEEEEING.
  3848 | D:5      | 3848 ||| FLEEEEING.
  3851 | D:5      | 3851 ||| FLEEEEING.
  3852 | D:5      | 3852 ||| FLEEEEING.
  3853 | D:5      | 3853 ||| FLEEEEING.
  3855 | D:5      | 3855 ||| FLEEEEING.
  3856 | D:5      | 3856 ||| FLEEEEING.
  3857 | D:5      | 3857 ||| FLEEEEING.
  3860 | D:5      | 3860 ||| FLEEEEING.
  3861 | D:5      | 3861 ||| FLEEEEING.
  3862 | D:5      | 3862 ||| FLEEEEING.
  3864 | D:5      | 3864 ||| FLEEEEING.
  3865 | D:5      | 3865 ||| FLEEEEING.
  3867 | D:5      | 3867 ||| FLEEEEING.
  3869 | D:5      | 3869 ||| FLEEEEING.
  3870 | D:5      | 3870 ||| FLEEEEING.
  3871 | D:5      | 3871 ||| FLEEEEING.
  3872 | D:5      | 3872 ||| FLEEEEING.
  3873 | D:5      | 3873 ||| FLEEEEING.
  3874 | D:5      | 3874 ||| FLEEEEING.
  3875 | D:5      | 3875 ||| FLEEEEING.
  3877 | D:5      | 3877 ||| FLEEEEING.
  3878 | D:5      | 3878 ||| FLEEEEING.
  3879 | D:5      | 3879 ||| FLEEEEING.
  3880 | D:5      | 3880 ||| FLEEEEING.
  3881 | D:5      | 3881 ||| FLEEEEING.
  3882 | D:5      | 3882 ||| FLEEEEING.
  3883 | D:5      | 3883 ||| FLEEEEING.
  3884 | D:5      | 3884 ||| FLEEEEING.
  3885 | D:5      | 3885 ||| FLEEEEING.
  3886 | D:5      | 3886 ||| FLEEEEING.
  3887 | D:5      | 3887 ||| FLEEEEING.
  3888 | D:5      | 3888 ||| FLEEEEING.
  3889 | D:5      | 3889 ||| FLEEEEING.
  3890 | D:5      | 3890 ||| STAIRDANCE
  4056 | D:5      | You fall into a shaft and drop 3 floors!
  4061 | D:7      | Noticed Prince Ribbit
  4084 | D:7      | Reached skill level 6 in Fighting
  4088 | D:7      | HP: 13/71 [Prince Ribbit (8)]
  4091 | D:7      | 4091 ||| READING scroll of teleportation.
  4093 | D:7      | Killed Prince Ribbit
  4365 | D:7      | Reached skill level 10 in Ranged Weapons
  4941 | D:7      | Reached XP level 9. HP: 65/79 MP: 9/9
  5046 | D:7      | 5046 ||| RIP OSSUARY
  5046 | D:7      | 5046 ||| PLANNING D:1-11
  5046 | D:7      | 5046 ||| DROPPING +0 ring mail.
  5085 | D:6      | Reached skill level 11 in Ranged Weapons
  5125 | D:5      | 5125 ||| RIP OSSUARY
  5210 | D:5      | Noticed Grinder
  5228 | D:5      | Killed Grinder
  5229 | D:5      | Reached skill level 3 in Armour
  5549 | D:5      | Found a staircase to the Ecumenical Temple.
  5550 | D:5      | 5550 ||| PLANNING TEMPLE
  5550 | D:5      | 5550 ||| READING 4 scrolls of identify.
  5550 | D:5      | 5550 ||| IDENTIFYING sedimented yellow potion
  5551 | D:5      | 5551 ||| READING 3 scrolls of identify.
  5551 | D:5      | 5551 ||| IDENTIFYING dark potion
  5552 | D:5      | 5552 ||| READING 2 scrolls of identify.
  5552 | D:5      | 5552 ||| IDENTIFYING viscous green potion
  5553 | D:5      | 5553 ||| DROPPING potion of brilliance.
  5558 | Temple   | Entered the Ecumenical Temple
  5656 | Temple   | 5656 ||| PLANNING OKAWARU WORSHIP
  5728 | Temple   | Became a worshipper of Warmaster Okawaru
  5729 | Temple   | 5729 ||| PLANNING D:1-11
  5885 | D:5      | Found a bloodstained altar of Trog.
  6028 | D:6      | Identified the +1 ring mail "Zejenk" {Drain Dex+5}
  6046 | D:6      | Identified the +9 mace of Watoirch {distort, rN+ rCorr
                  | Int-5 Dex+3}
  6400 | D:6      | HP: 10/79 [gnoll sergeant/+0 trident (10)]
  6401 | D:6      | 6401 ||| READING scroll of teleportation.
  6401 | D:6      | Slain by a gnoll sergeant

Levels and vault maps discovered:
D:1:      lemuel_arrival_river_ford, layout_basic, ebering_ecumenical_altar_webs
D:2:      layout_loops_ring, uniq_crazy_yiuf_cottage
D:3:      mumra_celtic_spiral_tile, layout_basic, serial_shops, shop,
          chequers_serial_rivers_micro_e
D:4:      layout_loops_ring, uniq_pikel
D:5:      layout_loops_ring, trog_antimagical,
          yredelemnul_forgotten_temple_becter, temple_statues,
          gup_ossuary_entry_pyramid, uniq_grinder, uniq_menkaure
D:6:      layout_cave_pools, serial_gnoll_camp, gnoll_camp_mini_loothouse,
          gnoll_camp_mini_hut, gnoll_camp_mini_hut, grums_kennel,
          gnoll_camp_mini_basic, nicolae_elevator_lobby_asterisk, uniq_eustachio
D:7:      layout_loops_cross, nicolae_overflow_hidden_temple,
          uniq_prince_ribbit1, uniq_maggie
D:8:      layout_basic, lemuel_mausoleum_altar_kikubaaqudgha,
          mainiacjoe_overflow_brackets, enter_bailey_1,
          gammafunk_ghost_berserking_beasts, uniq_maurice
Temple:   eino_temple_scatter_basement

Skill      XL: |  1  2  3  4  5  6  7  8  9 |
---------------+----------------------------+-----
Ranged Weapons | 3 4 5 6 9 10 11 | 11.8
Fighting       | 2 3 4 5 7 |  7.1
Armour         | 1 3 |  3.2
Dodging        | 3 4 5 |  5.0
Spellcasting   | |  1.0
Hexes          | |  2.0

Action                     |  1- 3 |  4- 6 |  7- 9 || total
---------------------------+-------+-------+-------++-------
   Fire: Sling             |   137 |   132 |   341 ||   610
    Use: Scroll            |     4 |     4 |     6 ||    14
         Potion            |     2 |     1 |     1 ||     4
 Armour: Robe              |     9 |       |       ||     9
         Ring mail         |     5 |    14 |     5 ||    24
         Leather armour    |       |       |    31 ||    31
  Dodge: Dodged            |    39 |    61 |   185 ||   285

Table legend:
 A = Non-vault XP
 B = Vault XP
 C = Vault XP percentage of total XP
 D = Non-vault monster count
 E = Vault monster count
 F = Vault count percentage of total count
                 A         B        C        D         E       F
            +---------+---------+-------+---------+---------+-------
      Total |    2439 |    1793 |  42.4 |      92 |      21 |  18.6
            +---------+---------+-------+---------+---------+-------
        D:1 |      28 |       0 |   0.0 |      16 |       0 |   0.0
        D:2 |      51 |       0 |   0.0 |      17 |       0 |   0.0
        D:3 |      42 |       0 |   0.0 |      12 |       0 |   0.0
        D:4 |     577 |     697 |  54.7 |      19 |       1 |   5.0
        D:5 |     386 |     476 |  55.2 |      12 |       7 |  36.8
        D:6 |     141 |     356 |  71.6 |       3 |      12 |  80.0
        D:7 |    1214 |     264 |  17.9 |      13 |       1 |   7.1
            +---------+---------+-------+---------+---------+-------
